 Dungeon Crawl Stone Soup version 0.30.0-15-g856e2d3f33 (webtiles) character file.

Game seed: 8420297774934612853

287 mkat the Stinger (level 6, 0/37 (44) HPs)
             Began as a Demonspawn Wanderer on May 18, 2023.
             Was an Initiate of Yredelemnul.
             Slain by Menkaure (7 damage)
             ... on level 4 of the Dungeon on May 19, 2023.
             The game lasted 00:13:40 (2988 turns).

mkat the Stinger (Demonspawn Wanderer)              Turns: 2988, Time: 00:13:41

HP:   0/37 (44)     AC:  5    Str: 11    XL:     6   Next: 8%
MP:   7/10          EV: 11    Int: 16    God:    Yredelemnul [......]
Gold: 147           SH:  0    Dex: 13    Spells: 7/10 levels left

rFire   . . .        a - +3 quarterstaff (chaos)
rCold   . . .        (shield currently unavailable)
rNeg    . . .        d - +0 robe
rPois   .            (no helmet)
rElec   .            s - +0 cloak
rCorr   .            (no gloves)
SInv    +            (no boots)
Will    .....        (no amulet)
Stlth   ++           p - ring of see invisible
HPRegen 0.26/turn    (no ring)
MPRegen 0.12/turn

%: no passive effects
@: heavily drained
A: claws 2, yellow scales 1
a: Renounce Religion, Recall Undead Harvest


You were on level 4 of the Dungeon.
You worshipped Yredelemnul.
Yredelemnul was noncommittal.
You visited 1 branch of the dungeon, and saw 4 of its levels.

You collected 147 gold pieces.

Inventory:

Hand Weapons
 a - a +3 quarterstaff of chaos (weapon)
 b - a +0 arbalest
Missiles
 h - 6 atropa-tipped darts
 j - 15 poisoned darts (quivered)
Armour
 d - a +0 robe (worn)
 s - a +0 cloak (worn)
Jewellery
 p - a ring of see invisible (left claw)
Scrolls
 f - 2 scrolls of identify {unknown}
 k - 2 scrolls of teleportation {unknown}
 l - a scroll of immolation {unknown}
 o - a scroll of fog {unknown}
 q - a scroll of acquirement {unknown}
Potions
 c - 2 potions of attraction
 e - a potion of resistance
 g - a potion of might
 i - a potion of magic
 m - a potion of brilliance {unknown}
 n - a potion of heal wounds {unknown}
 r - a potion of lignification {unknown}


   Skills:
 + Level 2.2 Fighting
 + Level 1.1 Short Blades
 + Level 0.1 Staves
 + Level 0.5 Ranged Weapons
 + Level 1.6 Throwing
 + Level 1.0 Armour
 + Level 1.1 Dodging
 + Level 2.0 Stealth
 + Level 2.8 Spellcasting
 + Level 0.5 Conjurations
 + Level 3.0 Necromancy
 + Level 1.1 Transmutations
 + Level 3.8 Poison Magic


You had 7 spell levels left.
You knew the following spells:

 Your Spells              Type           Power      Damage    Failure   Level
a - Necrotise             Necr           44%        1d6       5%          1
b - Sting                 Tmut/Pois      40%        1d5       7%          1
c - Kiss of Death         Conj/Necr      28%        2d7       10%         1

Your spell library contained the following spells:

 Spells                   Type           Power      Damage    Failure   Level
 Mephitic Cloud           Conj/Pois/Air  6%         N/A       32%         3
 Dispel Undead            Necr           11%        3d9       50%         4


Dungeon Overview and Level Annotations

Branches:
Dungeon (4/15)
 Temple: D:4-7

Altars:
Yredelemnul

Annotations:
D:4 Menkaure


Innate Abilities, Weirdness & Mutations

You have very sharp fingernails.
You are partially covered in yellow scales. (AC +2)


Message History

The orc priest attacks as you move away!
The orc priest hits you with a +0 hand axe.
The orc priest hits your orc zombie with a +0 hand axe. x2
Your orc zombie is destroyed!
The orc priest begins to cast a cantrip, but forgets the words!
Menkaure hits you!!
Found 9 gold pieces.
You hit Menkaure. You burn Menkaure.
Menkaure is lightly damaged.
The orc priest casts a cantrip, but nothing happens.
Menkaure hits you.
A quokka comes into view.
You barely miss Menkaure.
Menkaure is lightly damaged.
Menkaure misses you.
Menkaure gestures at you while chanting.
Pain shoots through your body!
You sock Menkaure!
Menkaure seems to grow stronger.
Menkaure is heavily damaged.
Menkaure barely misses you. The quokka bites you.
* * * LOW HITPOINT WARNING * * *
Casting: Sting (safe; 7% risk of failure)
Confirm with . or Enter, or press ? or * to list all spells.
Aiming: Kiss of Death (safe; 10% risk of failure)
Press: ? - help, Shift-Dir - straight line, f - Menkaure
Aim: Menkaure (heavily damaged, fast, strong, ally target, 100% to hit)
The negative energy hits Menkaure.
Menkaure completely resists.
Menkaure is heavily damaged.
You feel drained. Menkaure closely misses you. The quokka bites you.
Menkaure calls on the powers of darkness!
The iguana convulses!
Your body is wracked with pain!
* * * LOW HITPOINT WARNING * * *
The orc convulses!
The orc priest convulses!
The quokka convulses!
The quokka attacks as you move away!
The quokka bites you but does no damage.
The quokka bites your orc zombie.
Your orc zombie is destroyed!
Menkaure attacks as you move away! Menkaure hits you!
You die...
Your body rises from the dead as a mindless zombie.

## ##### #.. $.... #.#
.##.#. #.# .###.
#.......##.# .... ####
#........#.# ..# ...#
##..##....#.##..# ## ...#
<... #..@.r...# ... ...#
#..# ##.#M#.#.##.... ...#
#..#####Z#.#Z........
...#####.........o..o.?...#.
.ZZ.ZZ.ZZ...Z...............
...######.#.##.##.#.##....##
...#......Z....##.#.# #..#
...########.#####.#.. .#
...# #.# #...#... #


You could see Menkaure (fast, strong, ally target), an orc priest, a quokka and
a friendly worm zombie.

Vanquished Creatures
  A howler monkey (D:4)
  A jelly (D:4)
  Crazy Yiuf (D:3)
  An orc wizard (D:3)
  3 adders
  4 gnolls (D:3)
  2 worms
  3 dart slugs
  7 orcs
  4 ball pythons
  5 bats
  3 endoplasms
  4 goblins
  8 hobgoblins
  4 jackals (D:3)
  8 kobolds
  A quokka (D:2)
  3 frilled lizards
  3 rats
66 creatures vanquished.

Vanquished Creatures (collateral kills)
  An adder (D:4)
  2 orcs
  A ball python (D:4)
  A kobold (D:3)
5 creatures vanquished.

Vanquished Creatures (others)
  2 adder zombies
  A jelly zombie (D:4)
  A bat zombie (D:3)
  2 ball python zombies (D:4)
  A dart slug zombie (D:3)
  A gnoll zombie (D:3)
  A hobgoblin zombie (D:3)
  A jackal zombie (D:3)
  5 orc zombies
15 creatures vanquished.

Grand Total: 86 creatures vanquished

Notes
Turn   | Place    | Note
-------+----------+-------------------------------------------
     0 | D:1      | mkat the Demonspawn Wanderer began the quest for the Orb.
     0 | D:1      | mkat set off with the following items: a +0 dagger, 11
                  | poisoned darts, a potion of attraction, a +0 robe; and the
                  | following spells available to memorise: Necrotise, Sting,
                  | Kiss of Death, Mephitic Cloud, Dispel Undead.
     0 | D:1      | Reached XP level 1. HP: 15/15 MP: 3/3
     2 | D:1      | Learned a level 1 spell: Necrotise
     4 | D:1      | Learned a level 1 spell: Sting
     6 | D:1      | Learned a level 1 spell: Kiss of Death
   255 | D:1      | Gained mutation: You have sharp fingernails. [demonic
                  | ancestry]
   255 | D:1      | Reached XP level 2. HP: 16/18 MP: 3/5
  1078 | D:2      | Found a basalt altar of Yredelemnul.
  1088 | D:2      | Became a worshipper of Yredelemnul the Dark
  1115 | D:2      | Gained mutation: You are partially covered in yellow
                  | scales. (AC +2) [demonic ancestry]
  1115 | D:2      | Reached XP level 3. HP: 17/22 MP: 3/6
  1261 | D:2      | Reached * piety under Yredelemnul
  1709 | D:3      | Gained mutation: You have very sharp fingernails. [demonic
                  | ancestry]
  1709 | D:3      | Reached XP level 4. HP: 12/32 MP: 4/7
  1852 | D:3      | Found a runed translucent door.
  1853 | D:3      | Noticed Crazy Yiuf
  1873 | D:3      | Found a faded altar of an unknown god.
  2235 | D:3      | Reached skill level 1 in Stealth
  2250 | D:3      | Reached skill level 1 in Transmutations
  2252 | D:3      | Reached skill level 1 in Short Blades
  2476 | D:3      | Killed Crazy Yiuf
  2477 | D:3      | Reached XP level 5. HP: 11/34 MP: 6/8
  2676 | D:4      | Reached skill level 1 in Dodging
  2784 | D:4      | Reached ** piety under Yredelemnul
  2971 | D:4      | Noticed Menkaure
  2973 | D:4      | Reached XP level 6. HP: 40/43 MP: 8/10
  2988 | D:4      | Slain by Menkaure

Illustrated notes

Levels and vault maps discovered:
D:1:      minmay_arrival_four_loops, layout_basic, hangedman_decor_points
D:2:      layout_rooms, basic_altar
D:3:      layout_basic, mainiacjoe_overflow_boulevard,
          ebering_ecumenical_altar_rust, uniq_crazy_yiuf_cottage
D:4:      kennysheep_kobold_camp, layout_basic, uniq_edmund, uniq_menkaure

Skill      XL: |  1  2  3  4  5  6 |
---------------+-------------------+-----
Stealth        | 1 2 |  2.0
Transmutations | 1 |  1.1
Short Blades   | 1 |  1.1
Fighting       | 2 |  2.2
Dodging        | 1 |  1.1
Necromancy     | 3 |  3.0
Staves         | |  0.1
Ranged Weapons | |  0.5
Throwing       | |  1.6
Armour         | |  1.0
Spellcasting   | |  2.8
Conjurations   | |  0.5
Poison Magic   | |  3.8

Action                     |  1- 3 |  4- 6 || total
---------------------------+-------+-------++-------
  Melee: Dagger            |    91 |    38 ||   129
         Quarterstaff      |       |    37 ||    37
   Fire: Arbalest          |     7 |    12 ||    19
  Throw: Dart              |    22 |     7 ||    29
   Cast: Sting             |    15 |    14 ||    29
         Necrotise         |    11 |    11 ||    22
         Kiss of Death     |     4 |     4 ||     8
    Use: Potion            |       |     2 ||     2
   Stab: Sleeping          |     2 |       ||     2
 Armour: Robe              |    34 |    33 ||    67
  Dodge: Dodged            |    78 |    59 ||   137
